 Dungeon Crawl Stone Soup version 0.19-a0-687-g35db334 (webtiles) character file.

17635 sugabear the Carver (level 12, -1/65 HPs)
             Began as a Vine Stalker Gladiator on June 18, 2016.
             Was a High Priest of the Shining One.
             Slain by a lich (3 damage)
             ... on level 1 of the Abyss.
             The game lasted 00:23:43 (12450 turns).

sugabear the Carver (Vine Stalker Gladiator)       Turns: 12450, Time: 00:23:44

Health: -1/65      AC: 12    Str: 25    XL:     12   Next: 50%
Magic:  0/18       EV: 17    Int: 16    God:    the Shining One [*****.]
Gold:   703        SH:  0    Dex: 21    Spells: 0 memorised, 11 levels left

rFire  x . .     SeeInvis .     q - +9 war axe of Ziukly Baucs {flame, rF- rC+ Int+4}
rCold  + . .     Gourm    .     s - +4 ring mail of Nyleseur {rElec Int+4 Dex+4}
rNeg   + + .     Faith    .     (no shield)
rPois  +         Spirit   +     m - +2 hat
rElec  +         Dismiss  .     (no cloak)
rCorr  .         Reflect  .     (no gloves)
SustAt .         Harm     .     (no boots)
MR     +....                    (no amulet)
Stlth  +.........               H - ring of poison resistance
                                w - +4 ring of strength

@: very slightly contaminated, glowing, drained, somewhat resistant to hostile
enchantments, very unstealthy
A: claws 1, fangs 3, regeneration 3, magic shield, antimagic bite, no device
heal 3, rot immunity
a: Divine Shield, Cleansing Flame, Summon Divine Warrior, Renounce Religion


You were on level 1 of the Abyss.
You worshipped the Shining One.
The Shining One was extremely pleased with you.
You were not hungry.

You visited 3 branches of the dungeon, and saw 14 of its levels.
You visited the Abyss 1 time.

You collected 833 gold pieces.
You spent 130 gold pieces at shops.

Inventory:

Hand Weapons
 q - the +9 war axe of Ziukly Baucs (weapon) {flame, rF- rC+ Int+4}
   (You found it on level 8 of the Dungeon)

   It has been specially enchanted to burn those struck by it, causing extra
   injury to most foes and up to half again as much damage against particularly
   susceptible opponents.
   Big, fiery blades are also staple armaments of hydra-hunters.
   It affects your intelligence (+4).
   It makes you vulnerable to fire.
   It protects you from cold.
 I - a +3 great sword of flaming
 K - a +0 war axe of electrocution
Missiles
 d - 6 throwing nets (quivered)
Armour
 m - a +2 hat (worn)
 s - the +4 ring mail of Nyleseur (worn) {rElec Int+4 Dex+4}
   (You found it on level 6 of the Dungeon)

   It affects your intelligence (+4).
   It affects your dexterity (+4).
   It insulates you from electricity.
 E - a +2 plate armour of magic resistance
 G - a +3 leather armour of fire resistance
 N - a +3 leather armour of magic resistance
Jewellery
 h - an uncursed ring of sustain attributes
 k - an uncursed ring of see invisible
 w - a +4 ring of strength (left claw)
 y - an uncursed ring of protection from magic
 H - a ring of poison resistance (right claw)
 O - an uncursed ring of stealth
Wands
 c - a wand of paralysis (11/24)
 t - a wand of teleportation (4/9)
 u - a wand of digging (13/24)
 v - a wand of enslavement (13/24)
 x - a wand of teleportation (8/9)
 L - a wand of disintegration (18/24)
Scrolls
 a - a scroll of recharging
 g - 7 scrolls of identify
 n - 2 scrolls of teleportation
 p - 2 scrolls of blinking
 r - 4 scrolls of magic mapping
 A - a scroll of amnesia
 B - a scroll of enchant weapon
 J - a scroll of fog
 M - a scroll of fear
Potions
 b - 5 potions of curing
 e - 2 potions of flight
 i - 2 potions of berserk rage
 l - 2 potions of might
 z - 2 potions of haste
 C - a potion of magic
 P - a potion of agility
Books
 o - a book of Cantrips

   Spells                             Type                      Level
   a - Corona                         Hexes                        1
   b - Animate Skeleton               Necromancy                   1
   c - Summon Small Mammal            Summoning                    1
   d - Apportation                    Translocation                1
Miscellaneous
 D - a fan of gales (inert)
Comestibles
 f - 7 bread rations
 j - 7 meat rations


   Skills:
 + Level 8.2(7.7) Fighting
 + Level 8.8(8.4) Long Blades
 + Level 4.2(3.8) Axes
 + Level 1.8(1.4) Throwing
 + Level 7.5(7.0) Armour
 + Level 7.6(7.1) Dodging
 + Level 4.5(4.1) Stealth
 * Level 7.9(7.4) Invocations


You had 11 spell levels left.
You didn't know any spells.

Dungeon Overview and Level Annotations

Branches:
Dungeon (11/15)            Temple (1/1) D:6             Orc (2/2) D:9
   Lair: D:8-11         Elf: Orc:2

Altars:
Ashenzari
Cheibriados
Dithmenos
Elyvilon
Fedhas
Gozag
Hepliaklqana
Kikubaaqudgha
Makhleb
Nemelex Xobeh
Okawaru
Pakellas
Qazlal
Ru
Sif Muna
Trog
Uskayaw
Vehumet
Xom
Yredelemnul
Zin
The Shining One
Lugonu

Shops:
D:4 *   D:7 (   D:10 =

Annotations:
D:11 Maud, Urug
Orc:2 Saint Roka


Innate Abilities, Weirdness & Mutations

You have razor-sharp teeth.
You regenerate.
When hurt, damage is shared between your health and your magic reserves.
Your bite disrupts and absorbs the magic of your enemies.
Potions and wands cannot restore your health.
You are immune to rotting.
You have sharp fingernails.


Message History

The lich touches you!
* * * LOW HITPOINT WARNING * * *
You partially resist.
You feel drained.
The lich falters for a moment.
You hit the lich. You burn the lich. You bite the lich.
The lich's magic leaks into the air.
You drain its magic.
You feel invigorated.
The lich is severely damaged.
The lich touches you.
* * * LOW HITPOINT WARNING * * *
You partially resist.
You feel drained. The lich touches you!
* * * LOW HITPOINT WARNING * * *
You partially resist.
You feel drained.
You hit the lich. You burn the lich. You bite the lich, but do no damage.
The lich is severely damaged.
The lich misses you. The lich closely misses you.
The starcursed mass shrieks in your mind.
* * * LOW HITPOINT WARNING * * *
You barely miss the lich. Your bite misses the lich.
The lich is severely damaged.
The lich touches you.
You die... '. .. .. . ##.## # .... .. .# .. #.# #XX

# .....# .#
#.#.###### #
#####X#
#...LX## .
..X.ยง. X# #.
##@##*.#######
#### #...##.#.
*.. ..
#..##.##.
..##.... #
#... ..#.' ..
#..#.#. ##.
###.#.. # .
.##...# . #
.... . ..#


You could see a starcursed mass and a lich.

Vanquished Creatures
  Gastronok (D:8)
  Erolcha (D:8)
  A wretched star (Abyss:1)
  Nergalle (D:11)
  The ghost of gressup the Basher, a novice FoMo of Fedhas (D:10)
  An unseen horror (D:11)
  A hill giant (D:10)
  An orc knight (D:9)
  An ugly thing (D:11)
  A centaur zombie (D:11)
  Joseph (D:8)
  Psyche (D:11)
  3 kobold demonologists (D:10)
  An ancient zyme (Abyss:1)
  2 large abominations (Abyss:1)
  2 trolls (Orc:1)
  2 polar bears (D:8)
  A slime creature (D:10)
  2 small abominations (Abyss:1)
  The ghost of sugabear the Ducker, an amateur VSGl (D:4)
  A ynoxinul (Abyss:1)
  A wyvern (D:10)
  2 hungry ghosts
  A hippogriff (D:8)
  Edmund (D:6)
  3 wargs (Orc:1)
  Duvessa (D:7)
  16 orc warriors
  A black bear (D:6)
  3 phantoms
  3 sky beasts
  3 ice beasts (D:8)
  2 wolves (D:8)
  3 ogres
  5 centaurs
  A big kobold (D:8)
  A gnoll sergeant (D:9)
  7 giant frogs
  Dowan (D:7)
  A wyvern skeleton (D:6)
  2 troll zombies (D:9)
  5 scorpions
  5 killer bees (D:9)
  3 wights (D:8)
  5 howler monkeys
  3 electric eels (D:8)
  5 crimson imps
  A giant frog zombie (D:7)
  A quasit (D:8)
  2 starcursed masses (Abyss:1)
  2 jellies
  12 orc priests
  A hound (D:8)
  An iron imp (Abyss:1)
  A gnoll shaman (D:8)
  A giant frog skeleton (D:5)
  9 orc wizards
  10 worker ants
  6 ogre zombies (D:9)
  A centaur simulacrum (D:8)
  A hound zombie (D:6)
  A hound skeleton (D:6)
  A mummy (D:7)
  4 worker ant zombies
  10 gnolls
  5 adders
  A hound simulacrum (D:8)
  2 shadow imps
  3 white imps (D:8)
  An ooze (D:3)
  2 worms
  2 dart slugs (D:2)
  9 giant geckos
  44 orcs
  10 bats
  5 giant cockroaches
  11 goblins
  8 hobgoblins
  4 jackals
  16 kobolds
  A quokka (D:4)
  3 ball pythons
  A giant gecko zombie (D:5)
  4 giant newts
  2 goblin skeletons (D:9)
  3 goblin zombies (D:9)
  2 hobgoblin zombies (D:9)
  A jackal zombie (D:5)
  2 orc skeletons (D:9)
  16 orc zombies (D:9)
  9 rats
  A spectral orc (D:8)
  A demonic plant (D:10)
345 creatures vanquished.

Notes
Turn   | Place    | Note
--------------------------------------------------------------
     0 | D:1      | sugabear the Vine Stalker Gladiator began the quest for the Orb.
     0 | D:1      | Reached XP level 1. HP: 11/11 MP: 2/2
   166 | D:1      | Reached XP level 2. HP: 15/15 MP: 3/3
   743 | D:1      | Reached XP level 3. HP: 18/18 MP: 4/4
  1012 | D:2      | Found a bloodstained altar of Trog.
  1267 | D:2      | Found a sacrificial altar of Ru.
  1348 | D:2      | Reached skill level 1 in Armour
  1348 | D:2      | Reached XP level 4. HP: 15/23 MP: 2/5
  1808 | D:3      | Found a sparkling altar of Nemelex Xobeh.
  2143 | D:3      | Found a faded altar of an unknown god.
  2156 | D:3      | Reached XP level 5. HP: 11/26 MP: 1/6
  2447 | D:4      | Found Unuas's Assorted Antiques.
  2455 | D:4      | Bought 2 scrolls labeled MUB KURUPP for 52 gold pieces
  2455 | D:4      | Bought a scroll labeled ZUUDDO WAJIHOR for 26 gold pieces
  2455 | D:4      | Bought a scroll labeled MUB KURUPP for 26 gold pieces
  2455 | D:4      | Bought a scroll labeled UNKELI DIFAOSM for 26 gold pieces
  2610 | D:4      | Noticed an ogre
  2617 | D:4      | Killed an ogre
  2918 | D:4      | Found a deep blue altar of Sif Muna.
  3240 | D:5      | Entered Level 5 of the Dungeon
  3270 | D:4      | Noticed sugabear's ghost (amateur VSGl)
  3299 | D:5      | Reached skill level 1 in Stealth
  3299 | D:5      | Gained mutation: You heal very quickly. [Vine Stalker growth]
  3299 | D:5      | Reached XP level 6. HP: 17/32 MP: 7/7
  3537 | D:5      | Reached XP level 7. HP: 31/36 MP: 8/8
  3598 | D:5      | Found a hazy altar of Hepliaklqana.
  3643 | D:5      | Found a stormy altar of Qazlal.
  4202 | D:6      | Found a staircase to the Ecumenical Temple.
  4217 | D:6      | Gained mutation: You have razor-sharp teeth. [Vine Stalker growth]
  4217 | D:6      | Reached XP level 8. HP: 42/42 MP: 9/9
  4263 | Temple   | Entered the Ecumenical Temple
  4527 | D:6      | Noticed a dagger
  4534 | D:6      | Reached skill level 5 in Long Blades
  4543 | D:6      | Found an opulent altar of Gozag.
  4574 | D:6      | Noticed a dagger
  4576 | D:6      | Noticed Edmund
  4577 | D:6      | Found a hide-covered altar of Uskayaw.
  4586 | D:6      | Killed Edmund
  4717 | D:6      | Found a glowing golden altar of the Shining One.
  4745 | D:6      | Became a worshipper of the Shining One
  4910 | D:6      | Got a heavily runed ring mail
  4911 | D:6      | Identified the +4 ring mail of Nyleseur {rElec Int+4 Dex+4} (You found it on level 6 of the Dungeon)
  5544 | D:4      | Killed sugabear's ghost
  5544 | D:4      | Reached skill level 5 in Armour
  5544 | D:4      | Reached skill level 1 in Invocations
  5725 | D:4      | Found Unuas's Assorted Antiques.
  5862 | D:4      | Found a deep blue altar of Sif Muna.
  6174 | D:7      | Reached XP level 9. HP: 46/46 MP: 9/11
  6272 | D:7      | Noticed Duvessa
  6278 | D:7      | Killed Duvessa
  6654 | D:7      | Found Guidghen's Antique Weapon Emporium.
  6744 | D:7      | Noticed Dowan
  6747 | D:7      | Killed Dowan
  6844 | D:7      | Found a snail-covered altar of Cheibriados.
  7262 | D:8      | Found a shimmering altar of Xom.
  7275 | D:8      | Got a fine war axe
  7276 | D:8      | Identified the +9 war axe of Ziukly Baucs {flame, rF- rC+ Int+4} (You found it on level 8 of the Dungeon)
  7316 | D:8      | Noticed Erolcha
  7319 | D:8      | Noticed Joseph
  7323 | D:8      | Killed Erolcha
  7323 | D:8      | Reached skill level 5 in Fighting
  7323 | D:8      | Reached skill level 5 in Dodging
  7396 | D:8      | Killed Joseph
  7396 | D:8      | Reached skill level 1 in Axes
  7396 | D:8      | Reached XP level 10. HP: 27/51 MP: 10/14
  7432 | D:8      | Noticed Gastronok
  7457 | D:8      | Killed Gastronok
  7457 | D:8      | Reached skill level 5 in Invocations
  7514 | D:8      | Found a snail-covered altar of Cheibriados.
  7595 | D:8      | Reached * piety under the Shining One
  7817 | D:8      | Reached XP level 11. HP: 56/58 MP: 16/16
  7931 | D:8      | Reached ** piety under the Shining One
  8136 | D:8      | Found a basalt altar of Yredelemnul.
  8593 | D:9      | Reached *** piety under the Shining One
  8594 | D:9      | Found a staircase to the Orcish Mines.
  8602 | D:9      | Reached **** piety under the Shining One
  9031 | D:9      | You fall through a shaft!
  9031 | D:10     | Entered Level 10 of the Dungeon
  9285 | D:10     | Noticed gressup's ghost (novice FoMo)
  9297 | D:10     | Killed gressup's ghost
  9349 | D:10     | Found a corrupted altar of Lugonu.
  9379 | D:10     | Gained mutation: Your body sometimes deteriorates upon taking damage. [mutagenic meat]
  9380 | D:10     | Gained mutation: You have sharp fingernails. [mutagenic meat]
  9381 | D:10     | Gained mutation: You are agile. (Dex +2) [mutagenic meat]
  9382 | D:10     | Gained mutation: Your flesh is heat resistant. (rF+) [mutagenic meat]
  9416 | D:10     | Noticed a hill giant
  9423 | D:10     | Killed a hill giant
  9484 | D:10     | Found Ciask's Jewellery Shop.
  9508 | D:10     | Reached ***** piety under the Shining One
 10370 | Orc:1    | Entered Level 1 of the Orcish Mines
 10852 | Orc:1    | Noticed an orc knight
 10944 | D:9      | Killed an orc knight
 11215 | Orc:2    | Entered Level 2 of the Orcish Mines
 11247 | Orc:2    | Noticed Saint Roka
 11260 | Orc:1    | Gained mutation: You regenerate. [Vine Stalker growth]
 11260 | Orc:1    | Reached XP level 12. HP: 36/63 MP: 18/18
 11597 | D:11     | Lost mutation: Your body sometimes deteriorates upon taking damage. [potion of cure mutation]
 11597 | D:11     | Lost mutation: You are agile. (Dex +2) [potion of cure mutation]
 11597 | D:11     | Lost mutation: Your flesh is heat resistant. (rF+) [potion of cure mutation]
 11761 | D:11     | Noticed Psyche
 11768 | D:11     | Killed Psyche
 11988 | D:11     | Noticed Nergalle
 12017 | D:11     | Killed Nergalle
 12135 | D:11     | Noticed Maud
 12137 | D:11     | Noticed Urug
 12179 | D:11     | Cast into level 1 of the Abyss (wight)
 12261 | Abyss:1  | Noticed a thrashing horror
 12288 | Abyss:1  | Noticed a wretched star
 12301 | Abyss:1  | Killed a wretched star
 12409 | Abyss:1  | Noticed a starcursed mass
 12435 | Abyss:1  | Noticed a lich
 12448 | Abyss:1  | HP: 1/65 [lich (3)]
 12450 | Abyss:1  | Slain by a lich

Vault maps used:
D:1:      dpeg_arrival_central
D:2:      old_standard_altar, nicolae_ru_sacrificial_ziggurat
D:3:      first_bread, ecumenical_altar_2, nemelex_dance_club_becter
D:4:      overflow_temple_1_default, serial_shops, shop
D:5:      old_standard_altar, marbit_many_paths, minmay_statues_item,
          serial_bayou_pond_d, minmay_misc_feat_encased
D:6:      nicolae_gozag_cash_rules_everything_around_me,
          dancing_weapons_uskayaw, nicolae_overflow_crystal_walls,
          temple_pool_a, uniq_edmund
D:7:      serial_shops, kennysheep_mini_moat, chei_slow_surprise, uniq_duvessa
D:8:      yredelemnul_forgotten_temple_becter, old_standard_altar, serial_ice,
          serial_ice_i, serial_ice_g, serial_ice_b, serial_ice_f, basic_altar,
          uniq_joseph, uniq_gastronok, uniq_erolcha
D:9:      zombieorc2_lemuel, serial_glass, glass_columns_a, glass_columns_a
D:10:     kennysheep_kobold_lugonu_temple, serial_shops,
          nicolae_shop_window_shopping
D:11:     lair_0_dummy, uniq_urug, uniq_maud, uniq_nergalle, uniq_psyche
Temple:   temple_eino_lava_12
Orc:2:    st_orc_elflike, serial_shops, nicolae_shop_behind_doors,
          uniq_saint_roka

Skill      XL: |  1  2  3  4  5  6  7  8  9 10 11 12 |
---------------+-------------------------------------+-----
Long Blades    | 3 4 5 6 7 8 |  8.8
Fighting       | 2 3 4 5 6 7 8 |  8.2
Armour         | 1 2 3 4 5 6 7 |  7.5
Dodging        | 3 4 5 6 7 |  7.6
Stealth        | 1 2 3 4 |  4.5
Invocations    | 1 4 5 7 |  7.9
Axes           | 1 2 4 |  4.2
Throwing       | |  1.8

Action                   |  1- 3 |  4- 6 |  7- 9 | 10-12 || total
-------------------------+-------+-------+-------+-------++-------
Melee: Long sword        |   104 |    65 |   192 |       ||   361
       Bite              |    14 |    25 |    79 |   167 ||   285
       Hand axe          |       |    13 |       |       ||    13
       War axe           |       |       |    11 |   132 ||   143
       Great sword       |       |       |       |   297 ||   297
Evoke: Fan of gales      |       |       |       |     1 ||     1
  Use: Scroll            |       |     7 |     9 |    11 ||    27
       Potion            |       |       |     7 |     4 ||    11
 Stab: Sleeping          |     1 |       |     2 |       ||     3
  Eat: Chunk             |     1 |     7 |    10 |    22 ||    40
       Beef jerky        |       |       |     2 |     1 ||     3
       Fruit             |       |       |       |     3 ||     3
       Pizza             |       |       |       |     2 ||     2
Armor: Leather armour    |    18 |       |       |       ||    18
       Ring mail         |    23 |    30 |    53 |   162 ||   268
Dodge: Dodged            |    76 |    61 |   152 |   445 ||   734
